 Dungeon Sprint DCSS version 0.28.0 (webtiles) character file.

Game seed: 641274816348589170

1963 boopmooplesden the Cleaver (level 9, -3/93 HPs)
             Began as a Minotaur Fighter on Feb 16, 2022.
             Was a Follower of Okawaru.
             Slain by a polar bear (7 damage)
             ... in the Dungeon (Sprint II: "The Violet Keep of Menkaure").
             The game lasted 00:03:17 (496 turns).

boopmooplesden the Cleaver (Minotaur Fighter)        Turns: 496, Time: 00:03:17

Health: -3/93      AC: 17    Str: 20      XL:     9   Next: 0%
Magic:  6/8        EV: 11    Int:  6 (7)  God:    Okawaru [*.....]
Gold:   356        SH:  8    Dex: 15      Spells: 8/8 levels left

rFire   . . .      SeeInvis .   k - +8 rapier "Hanep" {vorpal, rCorr Int+2}
rCold   . . .      Faith    .   c - +0 buckler
rNeg    + . .      Spirit   .   d - +2 chain mail {rN+}
rPois   .          Reflect  .   (helmet restricted)
rElec   .          Harm     .   m - scarf {repulsion}
rCorr   +          Rampage  .   (no gloves)
Will    .....      NoTele   +   l - +0 pair of boots
Stlth   ..........              (no amulet)
HPRegen 0.25/turn               (no ring)
MPRegen 0.11/turn               (no ring)

@: heroic, on berserk cooldown, hasted and slowed, repel missiles
A: horns 2, retaliatory headbutt, subdued magic 1
a: Renounce Religion, Heroism


You were in the Dungeon.
You worshipped Okawaru.
Okawaru was aware of your devotion.
You visited 1 branch You collected 972 gold pieces.
You spent 616 gold pieces at shops.

Inventory:

Hand Weapons
 a - a +0 war axe
 k - the +8 rapier "Hanep" (weapon) {vorpal, rCorr Int+2}
   (You bought it in a shop in the Dungeon)

   It inflicts extra damage upon your enemies.
   Int:       It affects your intelligence (+2).
   rCorr:     It protects you from acid and corrosion.
Armour
 b - a +0 scale mail
 c - a +0 buckler (worn)
 d - a +2 chain mail of positive energy (worn)
 l - a +0 pair of boots (worn)
 m - a scarf of repulsion (worn)
Scrolls
 j - a scroll of blinking
Potions
 h - 2 potions of magic


   Skills:
 + Level 13.0(18.0) Fighting
 + Level 1.6(6.6) Short Blades
 + Level 13.2(18.2) Axes
 + Level 11.6(16.6) Armour
 + Level 2.1(7.1) Dodging
 + Level 11.8(16.8) Shields


You had 8 spell levels left.
You didn't know any spells.
Your spell library was empty.

Dungeon Overview and Level Annotations

Branches:
Dungeon (1/1)

Altars:
Cheibriados
Dithmenos
Elyvilon
Fedhas
Gozag
Hepliaklqana
Kikubaaqudgha
Makhleb
Nemelex Xobeh
Okawaru
Qazlal
Ru
Sif Muna
Trog
Uskayaw
Vehumet
Wu Jian
Xom
Yredelemnul
Zin
The Shining One
Beogh
Jiyva
Lugonu

Shops:
D ::[!*[=[?=(=!*[

Annotations:
D exclusion: oklob plant


Innate Abilities, Weirdness & Mutations

You have a pair of horns on your head.
You reflexively headbutt those who attack you in melee.
Your spells are a little easier to cast, but a little less powerful.


Message History

You block the polar bear's attack.
The polar bear claws you but does no damage. x2
The polar bear bites you but does no damage.
You block the polar bear's attack.
The polar bear claws you but does no damage.
The neqoxec gestures at you.
Something tries to feed on your intellect!
The polar bear bites you.
* * * LOW HITPOINT WARNING * * *
The polar bear claws you but does no damage. x2
There is an open door, spattered with blood here.
You enter the shallow water.
Moving in this stuff is going to be slow.
You block the polar bear's attack.
The polar bear claws you but does no damage. x2
The polar bear bites you but does no damage.
You block the polar bear's attack. The polar bear closely misses you.
Things that are here:
a +0 arbalest; 18 bolts; 81 gold pieces The polar bear barely misses you.
The polar bear claws you but does no damage.
The polar bear claws you.
* * * LOW HITPOINT WARNING * * *
Okay, then.
You barely miss the polar bear.
You headbutt the polar bear, but do no damage.
The polar bear is severely wounded.
You block the polar bear's attack.
The polar bear claws you but does no damage. x2
You barely miss the polar bear.
The polar bear is severely wounded.
The polar bear completely misses you. You furiously retaliate!
You headbutt the polar bear!
The polar bear claws you but does no damage.
The polar bear barely misses you.
The polar bear bites you but does no damage.
The polar bear claws you but does no damage. x2
You gain the combat prowess of a mighty hero.
The polar bear bites you!
You die...

.. ##.. .##.#### +.### ..#
...# ...#### .####..##
#^.##.#▓??$$!!!?▓▓ ###.##..#
+..#..#▓[()??(?!▓▓ ###..#..#
#.^#..#▓[$$?):!?▓
.'##.'..####..##@#▓(")??=$[
##.#.#....###..h##▓▓▓▓▓▓▓+▓▓
###.##.....§≈≈≈3≈≈≈≈≈≈≈≈≈..
.####≈≈.....§#'########+###
#.#≈≈≈§≈≈§..≈#....._._#≈§≈#
###≈≈≈≈≈≈§≈.≈#...._._.#§§≈≈#
##≈≈≈§≈≈§§≈≈≈#..._._._#≈§≈§≈#
≈§§≈≈≈≈≈§≈≈≈#.._._._.#S§§§≈≈
''§#≈≈≈≈§§§≈≈#._._._._#S§§≈≈§


You could see a polar bear (berserk) and a neqoxec (misshapen).

Vanquished Creatures
  A merfolk siren (D)
  A yaktaur (D)
  A polar bear (D)
  A hornet (D)
  3 neqoxecs (D)
  Menkaure (D)
  A vampire mosquito (D)
  4 necrophages (D)
  3 worms (D)
16 creatures vanquished.

Vanquished Creatures (others)
  A water moccasin (D)
1 creature vanquished.

Grand Total: 17 creatures vanquished

Notes
Turn   | Place    | Note
-------+----------+-------------------------------------------
     0 | D        | boopmooplesden the Minotaur Fighter began the quest for the
                  | Orb.
     0 | D        | Reached XP level 1. HP: 19/19 MP: 0/0
     1 | D        | Noticed a merfolk siren
    16 | D        | Killed a merfolk siren
    17 | D        | Reached skill level 5 in Axes
    17 | D        | Reached XP level 2. HP: 20/37 MP: 1/1
    17 | D        | Reached XP level 3. HP: 23/44 MP: 2/2
    17 | D        | Reached XP level 4. HP: 27/50 MP: 3/3
    17 | D        | Reached XP level 5. HP: 30/57 MP: 4/4
    17 | D        | Reached XP level 6. HP: 34/64 MP: 5/5
    29 | D        | Killed a water moccasin
   175 | D        | Reached skill level 10 in Fighting
   175 | D        | Reached skill level 10 in Armour
   191 | D        | Reached skill level 10 in Shields
   191 | D        | Reached XP level 7. HP: 53/73 MP: 6/6
   273 | D        | Noticed a neqoxec
   273 | D        | Noticed a neqoxec
   279 | D        | Gained mutation: Your spells are a little easier to cast,
                  | but a little less powerful. [a neqoxec]
   280 | D        | Killed a neqoxec
   289 | D        | Killed a neqoxec
   291 | D        | Noticed a neqoxec
   296 | D        | Killed a neqoxec
   297 | D        | Reached skill level 10 in Axes
   297 | D        | Reached XP level 8. HP: 73/83 MP: 7/7
   316 | D        | Found Zeafirufy's Distillery.
   316 | D        | Found Zotueciq's Antique Armour Emporium.
   316 | D        | Found Xiam's Jewellery Shoppe.
   316 | D        | Found Ufash's General Store.
   316 | D        | Found Ysial's Antique Weapon Emporium.
   317 | D        | Found Luzibo's Magic Scroll Shoppe.
   317 | D        | Found Boemn's Antique Armour Emporium.
   318 | D        | Found Ijaug's Jewellery Emporium.
   318 | D        | Found Quxtasm's Antique Armour Shoppe.
   318 | D        | Found Lefi's General Store.
   318 | D        | Noticed a death yak
   319 | D        | Found Ulatt's Jewellery Emporium.
   319 | D        | Noticed Menkaure
   332 | D        | Killed Menkaure
   350 | D        | Reached skill level 1 in Dodging
   364 | D        | Found Utixuq's Distillery.
   364 | D        | Found Neimnat's Armour Emporium.
   364 | D        | Noticed an oklob plant
   364 | D        | Noticed a hell hog
   364 | D        | Noticed a hell hog
   365 | D        | Found Gaynoo's Book Shoppe.
   365 | D        | Found Huxaq's Book Shoppe.
   371 | D        | Noticed a cane toad
   373 | D        | Bought a runed chain mail for 210 gold pieces
   384 | D        | Noticed a cane toad
   391 | D        | Bought an iridescent rapier for 171 gold pieces
   391 | D        | Identified the +8 rapier "Hanep" {vorpal, rCorr Int+2} (You
                  | bought it in a shop in the Dungeon)
   393 | D        | Bought a pair of boots for 103 gold pieces
   400 | D        | Bought a scarf of repulsion for 132 gold pieces
   435 | D        | Found a snail-covered altar of Cheibriados.
   436 | D        | Found a shadowy altar of Dithmenos.
   436 | D        | Found a viscous altar of Jiyva.
   437 | D        | Found a white marble altar of Elyvilon.
   437 | D        | Found an ancient bone altar of Kikubaaqudgha.
   437 | D        | Found a hazy altar of Hepliaklqana.
   437 | D        | Found a sacrificial altar of Ru.
   438 | D        | Found a blossoming altar of Fedhas.
   438 | D        | Found a corrupted altar of Lugonu.
   438 | D        | Found a shimmering blue altar of Sif Muna.
   439 | D        | Found an opulent altar of Gozag.
   439 | D        | Found a burning altar of Makhleb.
   439 | D        | Found a bloodstained altar of Trog.
   439 | D        | Found a shimmering altar of Xom.
   440 | D        | Found a sparkling altar of Nemelex Xobeh.
   440 | D        | Found a hide-covered altar of Uskayaw.
   441 | D        | Found a basalt altar of Yredelemnul.
   442 | D        | Found an iron altar of Okawaru.
   442 | D        | Found a radiant altar of Vehumet.
   442 | D        | Found a glowing silver altar of Zin.
   442 | D        | Noticed a hornet
   442 | D        | Noticed a polar bear
   442 | D        | Noticed a polar bear
   442 | D        | Noticed a polar bear
   443 | D        | Found a stormy altar of Qazlal.
   443 | D        | Found an ornate altar of the Wu Jian Council.
   443 | D        | Found a glowing golden altar of the Shining One.
   443 | D        | Noticed a yaktaur
   452 | D        | Became a worshipper of Warmaster Okawaru
   464 | D        | Killed a yaktaur
   471 | D        | Killed a polar bear
   472 | D        | Reached skill level 1 in Short Blades
   484 | D        | Killed a hornet
   484 | D        | Reached * piety under Okawaru
   485 | D        | Reached XP level 9. HP: 13/93 MP: 8/8
   493 | D        | HP: 3/93 [polar bear (3)]
   496 | D        | Slain by a polar bear

Illustrated notes

Levels and vault maps discovered:
D:        the_violet_keep_of_menkaure [sprint2_stairs_cluster_1,
          sprint2_shoproom, sprint2_temple, sprint2_basic_supplies,
          sprint2_obstacle_4, sprint2_obstacle_7, sprint2_obstacle_6,
          sprint2_obstacle_5, sprint2_obstacle_3, sprint2_timed_cluster_1,
          sprint2_smallroom_cluster_1, sprint2_smallroom_final_cluster_1,
          sprint2_transparent_cluster_1, sprint2_second_timed_cluster_1,
          sprint2_sniper_area_1, sprint2_heavy_combat_area_1,
          sprint2_mutation_trap_area_1, sprint2_forest_area_1,
          sprint2_light_combat_area_1, sprint2_behind_water_1,
          sprint2_near_end_vault_1]

Skill      XL: |  1  2  3  4  5  6  7  8 |
---------------+-------------------------+-----
Fighting       | 9 10 12 13 | 13.0
Axes           | 5 7 10 13 | 13.2
Armour         | 9 10 11 | 11.6
Shields        | 8 10 11 | 11.8
Dodging        | 2 |  2.1
Short Blades   | 1 |  1.6

Action                   |  1- 3 |  4- 6 |  7- 9 || total
-------------------------+-------+-------+-------++-------
Melee: War axe           |    12 |    24 |    44 ||    80
       Headbutt          |     4 |     5 |    11 ||    20
       Rapier            |       |       |    17 ||    17
Invok: Heroism           |       |       |     1 ||     1
  Use: Potion            |     1 |       |     4 ||     5
       Scroll            |       |       |     1 ||     1
Armor: Scale mail        |       |     8 |     7 ||    15
       Chain mail        |       |       |    51 ||    51
Dodge: Dodged            |     1 |     4 |    46 ||    51
Block: Buckler           |       |     7 |    38 ||    45
